 Dungeon Crawl Stone Soup version 0.30-a0-718-geaa24f58ff (webtiles) character file.

Game seed: 9173128635750968090

330 BaabKaare the Firebug (level 6, -12/45 HPs)
             Began as a Draconian Fire Elementalist on Jan 25, 2023.
             Killed themself with a badly aimed concussive blast (14 damage)
             ... on level 3 of the Dungeon.
             The game lasted 00:12:28 (3288 turns).

BaabKaare the Firebug (Draconian Fire Elementalist) Turns: 3288, Time: 00:12:29

Health: -12/45     AC:  6    Str: 11    XL:     6   Next: 26%
Magic:  3/12       EV: 12    Int: 17    God:
Gold:   82         SH:  0    Dex: 11    Spells: 0/13 levels left

rFire   . . .      SeeInvis .    (no weapon)
rCold   . . .      Faith    .    (no shield)
rNeg    . . .      Spirit   .    (body armour unavailable)
rPois   .          Reflect  .    (helmet restricted)
rElec   .          Harm     .    (no cloak)
rCorr   .          Rampage  .    (no gloves)
Will    .....                    (no boots)
Stlth   ++                       j - amulet of magic regeneration
HPRegen 0.27/turn                (no ring)
MPRegen 0.53/turn                (no ring)

@: very slightly contaminated
A: AC +6, unfitting armour, cold-blooded
a: no special abilities


You were on level 3 of the Dungeon.
You visited 1 branch of the dungeon, and saw 3 of its levels.

You collected 82 gold pieces.

Inventory:

Jewellery
 j - an amulet of magic regeneration (around neck)
 q - an amulet of the acrobat
 v - an amulet of reflection
Wands
 l - a wand of mindburst (17)
 m - a wand of polymorph (7)
 s - a wand of roots (10)
Scrolls
 a - a scroll of poison {unknown}
 b - a scroll of blinking {unknown}
 c - 3 scrolls of teleportation {unknown}
 d - 3 scrolls of vulnerability {unknown}
 h - a scroll of silence {unknown}
 i - a scroll of identify {unknown}
 k - a scroll of enchant armour {unknown}
 t - a scroll of immolation {unknown}
Potions
 e - a potion of magic
 f - a potion of flight {unknown}
 g - a potion of might {unknown}
 n - a potion of degeneration {unknown}
 o - 2 potions of brilliance {unknown}
 p - a potion of attraction {unknown}
 r - 2 potions of curing {unknown}
 u - a potion of haste {unknown}


   Skills:
 + Level 0.1 Fighting
 + Level 1.9 Dodging
 + Level 2.1 Stealth
 + Level 4.3 Spellcasting
 + Level 1.0 Conjurations
 + Level 0.2 Translocations
 + Level 5.2 Fire Magic
 + Level 0.3 Air Magic


You couldn't memorise any spells.
You knew the following spells:

 Your Spells              Type           Power      Damage    Failure   Level
a - Foxfire               Conj/Fire      56%        2x1d6     4%          1
b - Scorch                Fire           42%        2d7       2%          2
c - Kindle Blastsparks    Fire/Tloc/Air  20%        2d11      21%         3
d - Flame Wave            Conj/Fire      14%        2d6       38%         4
e - Inner Flame           Hex/Fire       12%        N/A       16%         3

Your spell library contained the following spells:

 Spells                   Type           Power      Damage    Failure   Level
 Magic Dart               Conj           28%        1d4       10%         1
 Searing Ray              Conj           14%        2d5       14%         2
 Ensorcelled Hibernation  Hex/Ice        6%         N/A       22%         2
 Passwall                 Tmut/Erth      2%         N/A       22%         2
 Swiftness                Air            4%         N/A       36%         3
 Fulminant Prism          Conj/Hex       2%         3d5       77%         4


Dungeon Overview and Level Annotations

Branches:
Dungeon (3/15)

Altars:
Trog


Innate Abilities, Weirdness & Mutations

Your plain brown scales are hard. (AC +6)
You cannot fit into any form of body armour.
You are cold-blooded and may be slowed by cold attacks.


Message History

Casting: Scorch (safe; 2% risk of failure)
Confirm with . or Enter, or press ? or * to list all spells.
You can't see any susceptible monsters within range! (Use Z to cast anyway.)
Casting: Scorch (safe; 2% risk of failure)
Confirm with . or Enter, or press ? or * to list all spells.
The spell is quite dangerous to miscast (22% risk of failure)!
Continue anyway?
A cloud of volatile blastsparks flares up around you!
The orc priest mumbles some strange prayers to Beogh against you.
Something writhes in agony!
Something hits you.
Casting: Kindle Blastsparks (quite dangerous; 22% risk of failure)
Confirm with . or Enter, or press ? or * to list all spells.
Aiming: Inner Flame (dangerous; 16% risk of failure)
Press: ? - help, Dir - move target, f - orc priest
Aim: an orc priest, wielding a +0 flail (chance to affect: 64%)
You miscast Inner Flame.
Nothing appears to happen.
Casting: Inner Flame (dangerous; 16% risk of failure)
Confirm with . or Enter, or press ? or * to list all spells.
Aiming: Inner Flame (dangerous; 16% risk of failure)
Press: ? - help, Dir - move target, f/p - orc priest
Aim: an orc priest, wielding a +0 flail (chance to affect: 64%)
The orc priest is filled with an inner flame.
The cloud of blastsparks explodes!
The concussive blast engulfs the orc priest!
The orc priest explodes!
Something hits you but does no damage. Something hits you but does no damage.
Something hits you but does no damage.
A magic dart appears from out of thin air!
The magic dart hits you.
* * * LOW HITPOINT WARNING * * *
Casting: Inner Flame (dangerous; 16% risk of failure)
Confirm with . or Enter, or press ? or * to list all spells.
A cloud of volatile blastsparks flares up around you!
You hear some strange, mumbled words.
A puff of flame appears from out of thin air!
The puff of flame hits you!
* * * LOW HITPOINT WARNING * * *
The cloud of blastsparks explodes!
The concussive blast engulfs you!
You die...

#.#.##.........#.......#J.†.###
#.#.##..##.....#..#............
###.#.##..##.#.#.#..#####....#.##
..#.#.##.................).......
..........##.#.#.#..######...####
#...#........................#
#...###..###.#.##...#####..#.####
....)).).....#.##...#####..#.....
##............{.@..........#.####
#........................##.#
#.####..###.#.##...#####.# #.#
#.............# #.# #.#
##.########...# #.# # #.# #.#
#...#####.##.### #.# ...
...............#
##.#######.###### #.#######.##


There were no monsters in sight!

Vanquished Creatures
  A sky beast (D:3)
  An orc priest (D:3)
  4 gnolls (D:2)
  11 adders
  3 dart slugs
  3 orcs (D:3)
  12 ball pythons
  7 endoplasms
  2 giant cockroaches (D:1)
  4 goblins
  5 hobgoblins
  4 quokkas
  7 bats
  2 frilled lizards (D:2)
  3 kobolds
  3 rats
72 creatures vanquished.

Vanquished Creatures (others)
  42 foxfires
42 creatures vanquished.

Grand Total: 114 creatures vanquished

Notes
Turn   | Place    | Note
-------+----------+-------------------------------------------
     0 | D:1      | BaabKaare the Draconian Fire Elementalist began the quest
                  | for the Orb.
     0 | D:1      | Reached XP level 1. HP: 14/14 MP: 3/3
    50 | D:1      | Reached XP level 2. HP: 20/20 MP: 3/5
   199 | D:1      | Learned a level 2 spell: Scorch
   837 | D:1      | Reached skill level 4 in Fire Magic
   914 | D:1      | Reached XP level 3. HP: 26/26 MP: 3/6
  1128 | D:2      | Found a bloodstained altar of Trog.
  1533 | D:2      | Learned a level 3 spell: Kindle Blastsparks
  1541 | D:2      | Reached XP level 4. HP: 33/33 MP: 1/7
  2117 | D:2      | Reached XP level 5. HP: 37/38 MP: 3/10
  2127 | D:2      | Learned a level 4 spell: Flame Wave
  2391 | D:3      | Noticed a sky beast
  2401 | D:3      | Killed a sky beast
  2402 | D:3      | Reached skill level 5 in Fire Magic
  2402 | D:3      | Reached XP level 6. HP: 18/45 MP: 5/12
  2549 | D:3      | Learned a level 3 spell: Inner Flame
  3288 | D:3      | HP: 2/45 [something/puff of flame (12)]
  3288 | D:3      | Killed themself with a badly aimed concussive blast

Illustrated notes

Levels and vault maps discovered:
D:1:      saegor_arrival_miasma, layout_basic
D:2:      layout_loops_ring, basic_altar, minmay_snake_closets
D:3:      layout_basic, minmay_misc_feat_columns, grunt_ministairs_1,
          minivault_24, nicolae_concentric_dashed_squares_mild

Skill      XL: |  1  2  3  4  5 |
---------------+----------------+-----
Fire Magic     | 4 5 |  5.2
Stealth        | 2 |  2.1
Spellcasting   | 3 4 |  4.3
Fighting       | |  0.1
Dodging        | |  1.9
Conjurations   | |  1.0
Translocations | |  0.2
Air Magic      | |  0.3

Action                     |  1- 3 |  4- 6 || total
---------------------------+-------+-------++-------
   Cast: Foxfire           |    22 |       ||    22
         Scorch            |    18 |    48 ||    66
         Kindle Blastspark |     1 |     7 ||     8
         Inner Flame       |       |     2 ||     2
    Use: Potion            |     2 |       ||     2
 Armour: Skin              |     4 |     8 ||    12
  Dodge: Dodged            |    21 |    13 ||    34

Table legend: (Time is in decaauts)
 A = Elapsed time spent in this place.
 B = Non-inter-level travel time spent in this place.
 C = Inter-level travel time spent in this place.
 D = Time resting spent in this place.
 E = Time spent auto-exploring this place.
 F = Levels seen in this place.
 G = Mean time per level.
                   A        B        C        D        E       F      G
               +--------+--------+--------+--------+--------+-----+--------+
         Total |   3287 |   3212 |     75 |   1169 |   1424 |   3 | 1095.7 |
       Dungeon |   3287 |   3212 |     75 |   1169 |   1424 |   3 | 1095.7 |
               +--------+--------+--------+--------+--------+-----+--------+

Top non-repeatable levels by time:
     D:2: 1216 daAuts
     D:1: 1128 daAuts
     D:3: 942 daAuts
